 Dungeon Crawl Stone Soup version 0.20-a0-454-g2b43fbb (webtiles) character file.

905 recordrepeat the Cleaver (level 8, -26/68 HPs)
             Began as a Hill Orc Fighter on Jan 9, 2017.
             Was a Follower of Beogh.
             Killed from afar by an iguana (48 damage)
             ... with an exploding inner flame
             ... hexed by the player character
             ... on level 6 of the Dungeon.
             The game lasted 00:15:10 (4690 turns).

recordrepeat the Cleaver (Hill Orc Fighter)         Turns: 4690, Time: 00:15:11

Health: -26/68     AC: 14    Str: 20    XL:     8   Next: 8%
Magic:  8/8        EV:  6    Int:  8    God:    Beogh [*.....]
Gold:   336        SH:  9    Dex: 11    Spells: 7/7 levels left

rFire  . . .     SeeInvis .     a - +0 war axe
rCold  . . .     Gourm    .     q - +0 chain mail
rNeg   . . .     Faith    .     c - +0 shield
rPois  .         Spirit   .     l - +2 helmet
rElec  .         Reflect  .     y - +0 cloak
rCorr  .         Harm     .     (no gloves)
MR     .....     Rnd*Tele +     (no boots)
Stlth  ..........               (no amulet)
                                (no ring)
                                m - ring of teleportation

@: no status effects
A: no striking features
a: Renounce Religion


You were on level 6 of the Dungeon.
You worshipped Beogh.
Beogh was aware of your devotion.
You were not hungry.

You visited 1 branch of the dungeon, and saw 6 of its levels.

You collected 336 gold pieces.

Inventory:

Hand Weapons
 a - a +0 war axe (weapon)
Armour
 c - a +0 shield (worn)
 l - a +2 helmet (worn)
 q - a +0 chain mail (worn)
 y - a +0 cloak (worn)
Jewellery
 m - a ring of teleportation (left hand)
Wands
 i - a wand of lightning (10/15)
 E - a wand of enslavement (24/24)
Scrolls
 j - a scroll of remove curse
 n - 2 scrolls of amnesia
 u - a scroll of magic mapping
 v - a scroll of fear {unknown}
 w - a scroll of enchant armour {unknown}
 B - a scroll of teleportation {unknown}
 D - a scroll of noise {unknown}
Potions
 d - a potion of might
 h - a potion of heal wounds
 p - 2 potions of lignification
 r - 2 potions of berserk rage
 s - a potion of agility {unknown}
 t - a potion of degeneration {unknown}
 x - 3 potions of curing
 z - a potion of cure mutation {unknown}
Comestibles
 f - 6 bread rations
 k - 6 meat rations
 A - 2 fruits
 C - a beef jerky


   Skills:
 + Level 5.2 Fighting
 + Level 8.8 Axes
 + Level 5.3 Armour
 + Level 1.0 Dodging
 + Level 0.1 Stealth
 + Level 4.8 Shields


You had 7 spell levels left.
You didn't know any spells.

Dungeon Overview and Level Annotations

Branches:
Dungeon (6/15)             Temple (0/1) D:4

Altars:
Elyvilon
Hepliaklqana
Nemelex Xobeh
Vehumet

Annotations:
D:5 exclusion: statue


Message History

Cancelling blink due to HUP.
As you read the scroll labeled ZERUGYTY YRAPT, it crumbles to dust.
It was a scroll of blinking.
The orc priest shouts!
The hobgoblin barely misses you. The kobold closely misses you.
You block the gnoll sergeant's attack. The ogre hits you with a giant club!
The iguana bites you but does no damage.
You block the orc priest's attack. The kobold hits you but does no damage.
Welcome back, recordrepeat the Hill Orc Fighter.
Beogh says: Drown the unbelievers in a sea of blood!
Press ? for a list of commands and other information.
You slash the ogre!
The ogre is heavily wounded.
You slash the iguana! You barely miss the kobold. You slash the hobgoblin!
The hobgoblin explodes!
The fiery explosion engulfs the iguana.
The iguana explodes!
The fiery explosion engulfs you!
Ouch! That really hurt!
You die...

*,*,,**,,,,,,*,,,,*,,*
*,,,,,,,,,,,,*,,,,+,,*
*,,,,***,,,,,*,,,,+,,*
.....#*,,,,,**,,,,*,,*
.....##*...♣**,,,,*,,#
..........PP**,,,,*,.#
.....##....♣#######o'#
.........PP.#..§§OK..#
..#..#....♣♣#.§§@ogO.#
.....#...PP♣#..K§Kg..#
...........♣#..§ogg..#
.##..##.....#........#
%##.........#$.......#
/###.##...♣♣#........#
.# #.##..PP♣##########
.#*#.##.#.♣.♣******..#
..,..##<#.P.♣*,*,,,,,*


You could see 2 ogres, a gnoll sergeant (inner flame), 3 orc priests, 3
hobgoblins and 3 kobolds.

Vanquished Creatures
  Sigmund (D:3)
  Edmund (D:4)
  Menkaure (D:6)
  An ogre (D:5)
  Blork the orc (D:4)
  A bullfrog (D:6)
  A jelly (D:5)
  A bullfrog skeleton (D:4)
  3 orc wizards (D:3)
  2 worker ants
  7 adders
  A shadow imp (D:6)
  2 adder skeletons (D:4)
  2 worms (D:4)
  2 dart slugs (D:3)
  4 leopard geckos
  20 orcs
  A ball python (D:1)
  8 bats
  A giant cockroach (D:6)
  9 goblins
  14 hobgoblins
  6 jackals
  A quokka (D:3)
  4 frilled lizards
  6 kobolds
  A quokka skeleton (D:6)
  10 rats
112 creatures vanquished.

Vanquished Creatures (others)
  An orc priest (D:3)
1 creature vanquished.

Grand Total: 113 creatures vanquished

Notes
Turn   | Place    | Note
-------+----------+-------------------------------------------
     0 | D:1      | recordrepeat the Hill Orc Fighter began the quest for the Orb.
     0 | D:1      | Reached XP level 1. HP: 19/19 MP: 1/1
   129 | D:1      | Reached XP level 2. HP: 20/27 MP: 2/2
   458 | D:1      | Reached skill level 3 in Axes
   607 | D:1      | Reached XP level 3. HP: 33/33 MP: 3/3
   860 | D:2      | Found a white marble altar of Elyvilon.
  1435 | D:3      | Reached XP level 4. HP: 39/40 MP: 4/4
  1454 | D:3      | Reached skill level 4 in Axes
  1820 | D:3      | Reached XP level 5. HP: 41/46 MP: 5/5
  2037 | D:3      | Noticed Sigmund
  2038 | D:3      | Became a worshipper of Beogh the Brigand
  2052 | D:3      | Killed Sigmund
  2052 | D:3      | Reached skill level 5 in Axes
  2052 | D:3      | Reached XP level 6. HP: 50/53 MP: 6/6
  2731 | D:4      | Reached skill level 6 in Axes
  2935 | D:4      | Found a staircase to the Ecumenical Temple.
  2997 | D:4      | Noticed Blork the orc
  3012 | D:4      | Killed Blork the orc
  3012 | D:4      | Reached skill level 5 in Armour
  3327 | D:4      | Reached XP level 7. HP: 53/60 MP: 7/7
  3406 | D:4      | Noticed Edmund
  3419 | D:4      | Killed Edmund
  3419 | D:4      | Reached skill level 7 in Axes
  3697 | D:4      | Found a hazy altar of Hepliaklqana.
  3825 | D:5      | Entered Level 5 of the Dungeon
  3880 | D:5      | Found a radiant altar of Vehumet.
  4276 | D:5      | Reached skill level 8 in Axes
  4393 | D:5      | Found a sparkling altar of Nemelex Xobeh.
  4507 | D:6      | Noticed Menkaure
  4513 | D:6      | Killed Menkaure
  4513 | D:6      | Reached * piety under Beogh
  4513 | D:6      | Reached skill level 5 in Fighting
  4513 | D:6      | Reached skill level 1 in Dodging
  4519 | D:6      | Reached XP level 8. HP: 47/68 MP: 8/8
  4690 | D:6      | Killed from afar by an iguana

Vault maps used:
D:1:      ncdulo_lavacross
D:2:      elyvilon_altar_5
D:3:      uniq_sigmund
D:4:      kennysheep_mini_moat, first_bread, uniq_edmund, uniq_blork_the_orc
D:5:      lemuel_round_altar, vehumet_statue
D:6:      kennysheep_housing_project, nicolae_ru_awakened_eye, uniq_menkaure,
          uniq_prince_ribbit1, uniq_crazy_yiuf_cottage

Skill      XL: |  1  2  3  4  5  6  7 |
---------------+----------------------+-----
Axes           | 3 4 5 6 8 |  8.8
Fighting       | 4 5 |  5.2
Armour         | 4 5 |  5.3
Shields        | 4 |  4.8
Dodging        | 1 |  1.0
Stealth        | |  0.1

Action                   |  1- 3 |  4- 6 |  7- 9 || total
-------------------------+-------+-------+-------++-------
Melee: War axe           |   120 |   223 |    90 ||   433
Invok: Convert to Beogh  |       |     1 |       ||     1
  Use: Potion            |       |     1 |       ||     1
       Scroll            |       |       |    11 ||    11
  Eat: Chunk             |     2 |     5 |     1 ||     8
       Bread ration      |       |       |     1 ||     1
Armor: Scale mail        |    26 |       |       ||    26
       Chain mail        |    35 |   113 |    46 ||   194
Dodge: Dodged            |    28 |    30 |    28 ||    86
Block: Shield            |    62 |    99 |    42 ||   203
